 Dungeon Crawl Stone Soup version 0.20.1-2-g1830e616b0 (webtiles) character file.

54 Alfie the Shooter (level 4, -6/34 HPs)
             Began as a Human Hunter on Jan 14, 2020.
             Mangled by a gnoll
             ... wielding a +0 spear
              (8 damage)
             ... on level 3 of the Dungeon.
             The game lasted 00:06:30 (1768 turns).

Alfie the Shooter (Human Hunter)                    Turns: 1768, Time: 00:06:31

Health: -6/34      AC:  4    Str: 14    XL:     4   Next: 12%
Magic:  4/4        EV: 12    Int: 11    God:
Gold:   172        SH:  0    Dex: 13    Spells: 3/3 levels left

rFire    . . .     SeeInvis .   b - +0 short sword
rCold    . . .     Gourm    .   (no shield)
rNeg     . . .     Faith    .   c - +0 leather armour
rPois    .         Spirit   .   (no helmet)
rElec    .         Reflect  .   (no cloak)
rCorr    .         Harm     .   m - +0 pair of gloves
MR       .....                  (no boots)
Stlth    +.........             (no amulet)
Regen    0.2/turn               (no ring)
MPRegen  0.1/turn               (no ring)

@: no status effects
A: no striking features
a: no special abilities


You were on level 3 of the Dungeon.
You were not hungry.

You visited 1 branch of the dungeon, and saw 3 of its levels.

You collected 172 gold pieces.

Inventory:

Hand Weapons
 a - a +1 shortbow
 b - a +0 short sword (weapon)
Missiles
 d - 7 arrows
Armour
 c - a +0 leather armour (worn)
 m - a +0 pair of gloves (worn)
Jewellery
 q - an uncursed ring of resist corrosion
 s - an uncursed amulet of rage {unknown}
 t - a cursed ring of teleportation {unknown}
Scrolls
 e - a scroll of immolation {unknown}
 g - 2 scrolls of amnesia {unknown}
 h - a scroll of fog {unknown}
 j - a scroll of enchant weapon {unknown}
 l - 2 scrolls of fear {unknown}
 n - 2 scrolls of remove curse {unknown}
 r - a scroll of enchant armour {unknown}
Potions
 i - a potion of flight {unknown}
 k - 2 potions of curing {unknown}
 o - a potion of mutation {unknown}
 p - a potion of lignification {unknown}
 v - a potion of haste {unknown}
 w - a potion of berserk rage {unknown}
 x - a potion of degeneration {unknown}
 z - a potion of brilliance {unknown}
Comestibles
 f - a bread ration
 u - 2 fruits


   Skills:
 + Level 2.4 Fighting
 + Level 4.9 Bows
 + Level 1.1 Armour
 + Level 2.1 Dodging
 + Level 1.0 Stealth


You had 3 spell levels left.
You didn't know any spells.

Dungeon Overview and Level Annotations

Branches:
Dungeon (3/15)

Altars:
Dithmenos
Fedhas
Qazlal
Trog
Uskayaw


Message History

The gnoll barely misses you. The gnoll closely misses you.
The gnoll shouts!
The gnoll barely misses you. The gnoll closely misses you.
The gnoll closely misses you. x2
The gnoll hits you from afar with a spear!
* * * LOW HITPOINT WARNING * * *
The gnoll hits you but does no damage. The gnoll hits you with a spear.
* * * LOW HITPOINT WARNING * * *
The gnoll closely misses you.
You barely miss the gnoll.
The gnoll hits you but does no damage. x2
You hit the gnoll.
The gnoll is heavily wounded.
The gnoll barely misses you. x2
You hit the gnoll.
The gnoll is heavily wounded.
The gnoll hits you with a spear!
You die...

...........#####
.......†........
.......†..######
.......#....####
#......#<...#..
............#.##
........g...#..#
...............#####
.......#......gg@..#
...g..>#####...g##.#
......... #.....#.#
.......... ##.##.#.#
............... ...#
...........##....###
.......... ######
......... .........


You could see 3 gnolls.

Vanquished Creatures
  4 worms
  A dart slug (D:1)
  3 leopard geckos
  A ball python (D:3)
  3 giant cockroaches
  5 goblins
  4 hobgoblins
  5 kobolds
  5 bats
  2 frilled lizards
  4 rats
37 creatures vanquished.

Notes
Turn   | Place    | Note
-------+----------+-------------------------------------------
     0 | D:1      | Alfie the Human Hunter began the quest for the Orb.
     0 | D:1      | Reached XP level 1. HP: 16/16 MP: 1/1
   231 | D:1      | Reached XP level 2. HP: 22/22 MP: 2/2
   785 | D:2      | Found a bloodstained altar of Trog.
  1014 | D:2      | Reached XP level 3. HP: 27/27 MP: 3/3
  1018 | D:2      | Found a stormy altar of Qazlal.
  1018 | D:2      | Found a hide-covered altar of Uskayaw.
  1044 | D:2      | Found a shadowy altar of Dithmenos.
  1136 | D:2      | Found a blossoming altar of Fedhas.
  1574 | D:3      | Reached skill level 1 in Armour
  1632 | D:3      | Reached XP level 4. HP: 31/34 MP: 4/4
  1768 | D:3      | Mangled by a gnoll

Skill      XL: |  1  2  3 |
---------------+----------+-----
Armour         | 1 |  1.1
Fighting       | |  2.4
Bows           | |  4.9
Dodging        | |  2.1
Stealth        | |  1.0

Action                   |  1- 3 |  4- 6 || total
-------------------------+-------+-------++-------
Melee: Short sword       |     9 |    11 ||    20
 Fire: Shortbow          |    79 |     8 ||    87
  Use: Scroll            |     2 |       ||     2
  Eat: Bread ration      |     1 |       ||     1
Armor: Leather armour    |     5 |     9 ||    14
Dodge: Dodged            |    24 |    25 ||    49
